 Dungeon Crawl Stone Soup version 0.31-a0-187-gba352fbbf7 (webtiles) character file.

Game seed: 11213547672294589766

61 qw the Shooter (level 3, -1/20 HPs)
             Began as a Deep Elf Hunter on June 22, 2023.
             Slain by an orc
             ... wielding a +0 mace
              (7 damage)
             ... on level 3 of the Dungeon.
             The game lasted 00:00:26 (1350 turns).

qw the Shooter (Deep Elf Hunter)                    Turns: 1350, Time: 00:00:26

Health: -1/20      AC:  6    Str: 10    XL:     3   Next: 83%
Magic:  5/5        EV: 11    Int: 13    God:
Gold:   79         SH:  0    Dex: 18    Spells: 2/2 levels left

rFire   . . .        Y - +1 shortbow
rCold   . . .        (shield currently unavailable)
rNeg    . . .        f - +0 ring mail
rPois   .            (no helmet)
rElec   .            (no cloak)
rCorr   .            j - +0 pair of gloves
SInv    .            (no boots)
Will    .....        a - amulet of the acrobat
Stlth   +            (no ring)
HPRegen 0.23/turn    (no ring)
MPRegen 0.09/turn

%: acrobat
@: no status effects
A: no striking features
a: no special abilities


You were on level 3 of the Dungeon.
You visited 1 branch of the dungeon, and saw 3 of its levels.

You collected 79 gold pieces.


   Skills:
 - Level 1.5 Fighting
 + Level 7.3 Ranged Weapons
 - Level 2.4 Dodging
 - Level 1.2 Stealth


You had 2 spell levels left.
You didn't know any spells.
Your spell library was empty.

Inventory:

Hand Weapons
 Y - a +1 shortbow (weapon)
Armour
 f - a +0 ring mail (worn)
 j - a +0 pair of gloves (worn)
Jewellery
 a - an amulet of the acrobat (around neck)
Potions
 d - a potion of might {unknown}
 e - 2 potions of enlightenment
 g - a potion of haste {unknown}
 h - a potion of lignification {unknown}
 i - a potion of brilliance {unknown}
 k - a potion of degeneration {unknown}

Dungeon Overview and Level Annotations

Branches:
Dungeon (3/15)

Altars:


Message History

You shoot an arrow. The arrow hits the bat.
You kill the bat!
There is an open door, spattered with blood here.
Things that are here:
a quokka corpse; a bat corpse You open the door.
An adder, a goblin, an orc and a hobgoblin come into view.
The adder hisses angrily.
The goblin shouts!
The orc shouts!
The hobgoblin shouts!
Found 17 gold pieces, 10 stones, a sling and a falchion.
You shoot an arrow. The arrow hits the adder.
The adder is lightly wounded.
The adder bites you.
You are poisoned.
The adder poisons you! The adder bites you but does no damage.
You shoot an arrow. The arrow misses the adder.
The arrow hits the goblin but does no damage.
You feel sick. The adder bites you but does no damage.
You shoot an arrow. The arrow closely misses the adder.
The arrow completely misses the goblin.
The arrow hits the hobgoblin.
The hobgoblin is moderately wounded.
You feel sick. The adder barely misses you. The adder bites you.
You shoot an arrow. The arrow hits the adder!
You kill the adder!
You feel sick. The orc hits you with a +0 mace.
You shoot an arrow. The arrow barely misses the orc.
The arrow closely misses the goblin.
You feel sick.
You are no longer poisoned.
The orc closely misses you.
You shoot an arrow.
The arrow hits the orc but does no damage.
The orc closely misses you.
You shoot an arrow. The arrow closely misses the orc.
The arrow hits the goblin.
You kill the goblin!
The orc hits you with a +0 mace.
You shoot an arrow. The arrow hits the orc.
The orc is almost dead.
The orc hits you with a +0 mace!
You die...

################## ###
#............#...#...#()
#...#..##....%..@og...$(
..#.#.....##.#...#...#$)
..#...##.....##### +##
................
#########...###. ###
###.# ..# #.## #.####
####.. .>.... ..#.##


You could see an orc and a hobgoblin.

Vanquished Creatures
  An adder (D:3)
  3 worms
  A dart slug (D:1)
  3 endoplasms
  3 goblins
  6 hobgoblins
  4 jackals
  2 kobolds
  3 quokkas
  4 ball pythons
  5 bats
  2 rats (D:2)
37 creatures vanquished.

Notes
Turn   | Place    | Note
-------+----------+-------------------------------------------
     0 | D:1      | qw the Deep Elf Hunter began the quest for the Orb.
     0 | D:1      | Reached XP level 1. HP: 12/12 MP: 3/3
     0 | D:1      | 0 ||| qw: Version: 0.3-a-9-g12657ce
     0 | D:1      | 0 ||| qw: Game counter: 2169
     0 | D:1      | 0 ||| qw: Always use a shield: true
     0 | D:1      | 0 ||| qw: God list: Okawaru
     0 | D:1      | 0 ||| qw: Allow faded altars: false
     0 | D:1      | 0 ||| qw: Do Orc after D:15 true
     0 | D:1      | 0 ||| qw: Do second Lair branch before Depths: true
     0 | D:1      | 0 ||| qw: Lair rune preference: random
     0 | D:1      | 0 ||| qw: Plans: Normal
     0 | D:1      | 0 ||| PLANNING D:1-11
   221 | D:1      | Reached skill level 6 in Ranged Weapons
   221 | D:1      | Reached XP level 2. HP: 16/16 MP: 4/4
   674 | D:1      | 674 ||| UPGRADING to +0 ring mail.
   684 | D:1      | 684 ||| DROPPING +0 leather armour.
   685 | D:1      | 685 ||| UPGRADING to +0 pair of gloves.
   690 | D:1      | 690 ||| READING scroll labelled ALEONO TUFOO.
   691 | D:1      | 691 ||| READING scroll labelled ANGOIHIFAF.
   692 | D:1      | 692 ||| DRINKING 2 emerald potions.
   693 | D:1      | 693 ||| DROPPING scroll of butterflies.
   900 | D:2      | Reached XP level 3. HP: 20/20 MP: 5/5
  1210 | D:2      | 1210 ||| UPGRADING to amulet of the acrobat.
  1215 | D:2      | 1215 ||| DROPPING ring of magical power.
  1216 | D:2      | 1216 ||| READING scroll labelled ERIGUUNURIU.
  1231 | D:3      | 1231 ||| STAIRDANCE
  1311 | D:3      | Reached skill level 7 in Ranged Weapons
  1350 | D:3      | Slain by an orc

Levels and vault maps discovered:
D:1:      psy_arrival_heroes, layout_basic
D:2:      layout_basic
D:3:      minmay_thinvault, layout_basic

Skill      XL: |  1  2  3 |
---------------+----------+-----
Ranged Weapons | 6 7 |  7.3
Fighting       | |  1.5
Dodging        | |  2.4
Stealth        | |  1.2

Action                     || total
---------------------------++-------
   Fire: Shortbow          ||    93
    Use: Scroll            ||     3
         Potion            ||     1
 Armour: Ring mail         ||    23
  Dodge: Dodged            ||    30

Table legend:
 A = Non-vault XP
 B = Vault XP
 C = Vault XP percentage of total XP
 D = Non-vault monster count
 E = Vault monster count
 F = Vault count percentage of total count
                 A         B        C        D         E       F
            +---------+---------+-------+---------+---------+-------
      Total |      59 |      29 |  33.0 |      28 |       9 |  24.3
            +---------+---------+-------+---------+---------+-------
        D:1 |      18 |       0 |   0.0 |       9 |       0 |   0.0
        D:2 |      33 |       0 |   0.0 |      15 |       0 |   0.0
        D:3 |       8 |      29 |  78.4 |       4 |       9 |  69.2
            +---------+---------+-------+---------+---------+-------
